[Event "CZE-ch Youth G10-G12-G14 2022"]
[Site "Luhacovice"]
[Date "2022.03.14"]
[Round "4.39"]
[White "Myskova, Veronika"]
[Black "Cinkova, Vicky"]
[Result "0-1"]
[ECO "A80"]
[WhiteElo "1117"]
[BlackElo "1317"]
[Annotator "NA"]
[PlyCount "92"]
[EventDate "2022.03.12"]
[EventType "swiss"]
[EventCountry "CZE"]
[SourceTitle "playchess.com"]
[Source "ChessBase"]
[SourceQuality "1"]
[TimeControl "40/5400+30:1800+30"]

1. d4 d5 2. Bf4 e6 3. Nf3 f5 4. e3 c6 5. Bd3 Bd6 6. Ne5 Nf6 7. h3 Qe7 8. Nd2 Nbd7 9. c3 O-O 10. g4 Ne4 11. Qe2 c5 12. O-O-O c4 13. Bc2 Ndf6 14. f3 Nxd2 15. Qxd2 b5 16. h4 Qb7 17. Ng6 Bxf4 18. Nxf4 Rb8 19. a3 a5 20. b4 cxb3 21. Bxb3 b4 22. axb4 axb4 23. cxb4 Bd7 24. Bc2 Rfc8 25. Kb2 fxg4 26. fxg4 Ne4 27. Bxe4 Qxb4+ 28. Qxb4 Rxb4+ 29. Ka3 Ra4+ 30. Kb3 Ra6 31. Nxd5 Ba4+ 32. Kb2 Rb8+ 33. Kc1 Bxd1 34. Rxd1 exd5 35. Bxd5+ Kf8 36. Rf1+ Rf6 37. Rg1 Rf2 38. Rg3 Ke7 39. g5 Rbb2 40. Be4 g6 41. h5 Rbe2 42. Kd1 Ra2 43. Ke1 Rh2 44. Bg2 Rhxg2 45. Rxg2 Rxg2 46. hxg6 Rxg5 0-1

[Event "CZE-ch Youth G10-G12-G14 2022"]
[Site "Luhacovice"]
[Date "2022.03.14"]
[Round "4.40"]
[White "Lackova, Ludmila"]
[Black "Lipovska Viktorie"]
[Result "1-0"]
[ECO "D08"]
[WhiteElo "1167"]
[BlackElo "1189"]
[Annotator "NA"]
[PlyCount "113"]
[EventDate "2022.03.12"]
[EventType "swiss"]
[EventCountry "CZE"]
[SourceTitle "playchess.com"]
[Source "ChessBase"]
[SourceQuality "1"]
[TimeControl "40/5400+30:1800+30"]

1. d4 d5 2. c4 Nc6 3. cxd5 Qxd5 4. Nf3 e5 5. dxe5 Qxd1+ 6. Kxd1 Bg4 7. Bf4 O-O-O+ 8. Nbd2 Bxf3 9. exf3 Bb4 10. Kc2 Bxd2 11. Bxd2 Nxe5 12. Bc3 f6 13. Rd1 Rxd1 14. Kxd1 Ne7 15. Kc2 Rd8 16. b3 Nd5 17. Bb2 Nb4+ 18. Kc3 Nxa2+ 19. Kc2 c5 20. Ba3 Nb4+ 21. Bxb4 cxb4 22. Be2 a5 23. Ra1 Nc6 24. Bd1 b6 25. h3 g5 26. g3 Nd4+ 27. Kc1 Kb7 28. Kb2 Nb5 29. Kc2 Na3+ 30. Kc1 Re8 31. Kd2 h5 32. f4 gxf4 33. Bxh5 Rh8 34. Bg4 fxg3 35. fxg3 Nb5 36. Kd3 Rd8+ 37. Kc2 Na3+ 38. Kc1 Rd3 39. Kb2 Rxg3 40. Rh1 Rg2+ 41. Ka1 Nc2+ 42. Kb1 Na3+ 43. Ka1 Rg3 44. Bd1 f5 45. h4 Rg8 46. h5 b5 47. Rf1 Rf8 48. Kb2 Kc7 49. Bg4 f4 50. h6 a4 51. h7 axb3 52. Kxb3 Nc4 53. Be6 Nd2+ 54. Kxb4 Nxf1 55. Bg8 Ne3 56. h8=Q f3 57. Qg7+ 1-0

[Event "CZE-ch Youth G10-G12-G14 2022"]
[Site "Luhacovice"]
[Date "2022.03.14"]
[Round "4.41"]
[White "Foldynova Julie"]
[Black "Dufkova, Tereza"]
[Result "1-0"]
[ECO "D00"]
[WhiteElo "1000"]
[BlackElo "1014"]
[Annotator "NA"]
[PlyCount "67"]
[EventDate "2022.03.12"]
[EventType "swiss"]
[EventCountry "CZE"]
[SourceTitle "playchess.com"]
[Source "ChessBase"]
[SourceQuality "1"]
[TimeControl "40/5400+30:1800+30"]

1. d4 d5 2. Nc3 Nf6 3. Bg5 Nc6 4. Nf3 Bf5 5. Nh4 e6 6. Nxf5 exf5 7. e3 h6 8. Bh4 Bb4 9. Qf3 Qd7 10. Bd3 g6 11. Bxf6 Rg8 12. a3 Bd6 13. Nxd5 Ne7 14. Nxe7 Bxe7 15. Bxe7 Qxe7 16. Qxb7 Qd8 17. Qb4 Qc8 18. e4 Rb8 19. Qa4+ c6 20. O-O-O Qb7 21. b3 Qc7 22. g3 Kf8 23. b4 f4 24. e5 fxg3 25. fxg3 Rg7 26. h3 Qd7 27. Be4 Rb6 28. d5 f5 29. dxc6 Qe7 30. Bd5 Qxe5 31. g4 Qf4+ 32. Kb2 Qe5+ 33. Ka2 fxg4 34. Rhf1+ 1-0

[Event "CZE-ch Youth G10-G12-G14 2022"]
[Site "Luhacovice"]
[Date "2022.03.14"]
[Round "4.42"]
[White "Zilava Lucie"]
[Black "Urvalkova Ema"]
[Result "1/2-1/2"]
[ECO "C45"]
[WhiteElo "1059"]
[BlackElo "1000"]
[Annotator "NA"]
[PlyCount "86"]
[EventDate "2022.03.12"]
[EventType "swiss"]
[EventCountry "CZE"]
[SourceTitle "playchess.com"]
[Source "ChessBase"]
[SourceQuality "1"]
[TimeControl "40/5400+30:1800+30"]

1. e4 e5 2. Nf3 Nc6 3. d4 exd4 4. Nxd4 Bc5 5. Be3 Qf6 6. c3 Nge7 7. Bc4 Ne5 8. Bb3 c6 9. Nd2 d5 10. Qc2 O-O 11. O-O-O Bd7 12. f4 Ng4 13. e5 Qg6 14. Qxg6 Nxg6 15. Rde1 Nxe3 16. Rxe3 Nxf4 17. g3 Ne6 18. N2f3 Nxd4 19. cxd4 Bb4 20. h4 Rae8 21. h5 h6 22. Rg1 Bg4 23. Nh2 Bxh5 24. g4 Bg6 25. Bc2 Bxc2 26. Kxc2 f6 27. e6 c5 28. a3 cxd4 29. Re2 Rc8+ 30. Kd3 Bc5 31. Nf3 Rc6 32. Nxd4 Bxd4 33. Kxd4 Rd6 34. Rc1 Re8 35. Rce1 b6 36. b4 a5 37. bxa5 bxa5 38. Kc5 Rdd8 39. Kc6 Re7 40. Kc5 Rc7+ 41. Kb6 Re7 42. Kc5 Kf8 43. Rb2 Ke8 1/2-1/2

[Event "CZE-ch Youth G10-G12-G14 2022"]
[Site "Luhacovice"]
[Date "2022.03.14"]
[Round "4.43"]
[White "Svrchokrylova, Ludmila"]
[Black "Koval, Anna"]
[Result "1/2-1/2"]
[ECO "C50"]
[WhiteElo "1024"]
[BlackElo "1278"]
[Annotator "NA"]
[PlyCount "219"]
[EventDate "2022.03.12"]
[EventType "swiss"]
[EventCountry "CZE"]
[SourceTitle "playchess.com"]
[Source "ChessBase"]
[SourceQuality "1"]
[WhiteTeam "Czech Republic"]
[BlackTeam "Czech Republic"]
[WhiteTeamCountry "CZE"]
[BlackTeamCountry "CZE"]
[TimeControl "40/5400+30:1800+30"]

1. e4 e5 2. Nf3 Nc6 3. Bc4 Bc5 4. Nc3 d6 5. d3 Bg4 6. h3 Bh5 7. g4 Bg6 8. Bg5 Nf6 9. Qd2 h6 10. Be3 Nd4 11. Bxd4 Bxd4 12. O-O-O Qd7 13. Nb5 Bb6 14. Nc3 O-O-O 15. Rdg1 Kb8 16. g5 hxg5 17. Nxg5 Bd4 18. Rf1 Nh5 19. Ne2 f6 20. Ne6 Rde8 21. N6xd4 exd4 22. Nxd4 c6 23. f4 d5 24. exd5 cxd5 25. Bb5 Qd6 26. Bxe8 Rxe8 27. Re1 Rg8 28. f5 Bh7 29. c3 Ng3 30. Rhg1 Nxf5 31. Nxf5 Bxf5 32. Qe2 Bxh3 33. Qe7 Qf4+ 34. Qe3 Qf5 35. Rh1 Bg4 36. Rhf1 Qd7 37. Rg1 f5 38. Qe6 Qd8 39. Re5 d4 40. Qd5 Qg5+ 41. Kc2 Rd8 42. Qg2 Qf6 43. Qg3 Ka8 44. Qe1 a6 45. Re8 Rxe8 46. Qxe8+ Ka7 47. Re1 Qh4 48. Qe5 Qf2+ 49. Kb3 dxc3 50. bxc3 Qb6+ 51. Kc4 Qg6 52. Qc5+ Ka8 53. Qc8+ Ka7 54. d4 f4 55. Qc5+ Ka8 56. d5 f3 57. Qf8+ Ka7 58. Re8 b5+ 59. Kc5 Qb6+ 60. Kb4 Qb7 61. Re7 Bd7 62. Qd8 f2 63. Rxd7 f1=Q 64. Rxb7+ Kxb7 65. Qd7+ Kb8 66. Qd8+ Ka7 67. Qc7+ Ka8 68. Qc6+ Kb8 69. Qb6+ Kc8 70. Qxa6+ Kd8 71. Qb6+ Ke7 72. d6+ Kf7 73. Qxb5 Qf4+ 74. Qc4+ Qxc4+ 75. Kxc4 g5 76. Kc5 g4 77. Kc6 g3 78. d7 g2 79. d8=Q g1=Q 80. Qd7+ Kg6 81. Qd6+ Kh7 82. Qd3+ Kh6 83. Kb5 Qg5+ 84. Kb4 Qe7+ 85. Kb3 Qb7+ 86. Kc2 Kg7 87. a4 Qc6 88. a5 Qa4+ 89. Kd2 Qxa5 90. Qg3+ Kf6 91. Qf3+ Ke6 92. Kd3 Qd8+ 93. Ke3 Qb6+ 94. Kd2 Qd6+ 95. Qd3 Qh2+ 96. Qe2+ Qxe2+ 97. Kxe2 Kd5 98. Kd3 Kc5 99. c4 Kd6 100. Kd4 Kc6 101. c5 Kb7 102. Kd5 Kc7 103. c6 Kc8 104. Kc5 Kc7 105. Kb5 Kc8 106. Kc4 Kc7 107. Kd5 Kc8 108. Kd6 Kd8 109. c7+ Kc8 110. Kc6 1/2-1/2

[Event "CZE-ch Youth G10-G12-G14 2022"]
[Site "Luhacovice"]
[Date "2022.03.15"]
[Round "5.1"]
[White "Vancakova, Veronika"]
[Black "Janouskova, Eliska"]
[Result "0-1"]
[ECO "A85"]
[WhiteElo "1300"]
[BlackElo "1167"]
[Annotator "NA"]
[PlyCount "110"]
[EventDate "2022.03.12"]
[EventType "swiss"]
[EventCountry "CZE"]
[SourceTitle "playchess.com"]
[Source "ChessBase"]
[SourceQuality "1"]
[TimeControl "40/5400+30:1800+30"]

1. d4 e6 2. c4 f5 3. Nc3 Nf6 4. Nf3 b6 5. e3 Bb7 6. Bd3 Bb4 7. Bd2 Bxc3 8. Bxc3 O-O 9. O-O d6 10. Re1 Ne4 11. Rc1 Nd7 12. Nd2 Ndf6 13. f3 Nxc3 14. Rxc3 Kh8 15. e4 fxe4 16. fxe4 e5 17. d5 Qe7 18. Qe2 Rae8 19. Bc2 Qf7 20. Rf1 Qg6 21. b4 a6 22. Ba4 Re7 23. c5 bxc5 24. bxc5 Ref7 25. c6 Bc8 26. h3 Nh5 27. Rxf7 Rxf7 28. g4 Nf4 29. Qh2 Qh6 30. Bd1 Qh4 31. Qg3 Nxh3+ 32. Qxh3 Qe1+ 33. Nf1 Qxd1 34. Re3 Bxg4 35. Qg2 Rf6 36. Rb3 h6 37. Re3 Rg6 38. Rg3 h5 39. Kh2 h4 40. Rxg4 Qxg4 41. Qxg4 Rxg4 42. Nd2 Rf4 43. Kg2 g5 44. Nf3 h3+ 45. Kg3 g4 46. Ng5 Rf1 47. Ne6 Rg1+ 48. Kh2 Rg2+ 49. Kh1 g3 50. Ng5 Rxa2 51. Nxh3 Kg7 52. Ng5 Rc2 53. Nf3 a5 54. Kg1 Kf6 55. Kf1 Rf2+ 0-1

[Event "CZE-ch Youth G10-G12-G14 2022"]
[Site "Luhacovice"]
[Date "2022.03.15"]
[Round "5.2"]
[White "Kusova, Nikola"]
[Black "Romanko Diana"]
[Result "1/2-1/2"]
[ECO "B18"]
[WhiteElo "1227"]
[BlackElo "1000"]
[Annotator "NA"]
[PlyCount "76"]
[EventDate "2022.03.12"]
[EventType "swiss"]
[EventCountry "CZE"]
[SourceTitle "playchess.com"]
[Source "ChessBase"]
[SourceQuality "1"]
[TimeControl "40/5400+30:1800+30"]

1. e4 c6 2. d4 d5 3. Nc3 dxe4 4. Nxe4 Bf5 5. Ng3 Bg6 6. Nf3 h6 7. Bd3 Bxd3 8. Qxd3 Nf6 9. O-O e6 10. Bf4 c5 11. Rad1 Nc6 12. Rfe1 Bd6 13. Bxd6 Qxd6 14. Nf5 Qf8 15. Qb5 O-O-O 16. Ng3 cxd4 17. Qc4 Qd6 18. Nxd4 Qb4 19. Qxb4 Nxb4 20. a3 Nbd5 21. Ne4 Nc7 22. Nxf6 gxf6 23. c4 Rd7 24. Nc2 Rhd8 25. Rxd7 Rxd7 26. Ne3 f5 27. Rd1 Rxd1+ 28. Nxd1 b5 29. b3 Kd7 30. Kf1 Kd6 31. Ke2 bxc4 32. bxc4 Kc5 33. Kd3 e5 34. Nb2 Ne6 35. Na4+ Kc6 36. g3 a5 37. f3 f6 38. g4 Ng5 1/2-1/2

[Event "CZE-ch Youth G10-G12-G14 2022"]
[Site "Luhacovice"]
[Date "2022.03.15"]
[Round "5.3"]
[White "Hujova Tess"]
[Black "Lackova, Lucie"]
[Result "0-1"]
[ECO "C47"]
[WhiteElo "1000"]
[BlackElo "1142"]
[Annotator "NA"]
[PlyCount "55"]
[EventDate "2022.03.12"]
[EventType "swiss"]
[EventCountry "CZE"]
[SourceTitle "playchess.com"]
[Source "ChessBase"]
[SourceQuality "1"]
[TimeControl "40/5400+30:1800+30"]

1. e4 e5 2. Nf3 Nc6 3. d4 exd4 4. Nxd4 Nf6 5. Nc3 Bb4 6. Nxc6 bxc6 7. Qf3 O-O 8. Bd2 Re8 9. O-O-O Bxc3 10. Bxc3 Nxe4 11. Bc4 d5 12. Rhf1 Qg5+ 13. Kb1 Bg4 14. Qd3 Bxd1 15. f4 Qxg2 16. Rxd1 dxc4 17. Qxc4 Rad8 18. Rc1 Nd2+ 19. Bxd2 Qxd2 20. a3 Re1 21. Rxe1 Qxe1+ 22. Ka2 Qe6 23. Qxe6 fxe6 24. h3 g5 25. fxg5 e5 26. h4 e4 27. h5 e3 28. h6 0-1

[Event "CZE-ch Youth G10-G12-G14 2022"]
[Site "Luhacovice"]
[Date "2022.03.15"]
[Round "5.4"]
[White "Stepankova Linda"]
[Black "Melicharova Veronika"]
[Result "1-0"]
[ECO "B02"]
[WhiteElo "1000"]
[BlackElo "1000"]
[Annotator "NA"]
[PlyCount "77"]
[EventDate "2022.03.12"]
[EventType "swiss"]
[EventCountry "CZE"]
[SourceTitle "playchess.com"]
[Source "ChessBase"]
[SourceQuality "1"]
[TimeControl "40/5400+30:1800+30"]

1. e4 d5 2. exd5 Nf6 3. Nc3 e5 4. Bc4 Bc5 5. d3 O-O 6. Nf3 Bg4 7. h3 Bxf3 8. Qxf3 c6 9. Bg5 Nbd7 10. dxc6 bxc6 11. Qxc6 Rc8 12. Qb5 Nb6 13. O-O h6 14. Bh4 Re8 15. Rad1 Qd7 16. Qxd7 Nfxd7 17. Bb5 g5 18. Bg3 Bd4 19. Nd5 Rcd8 20. Bxd7 Nxd7 21. c3 h5 22. cxd4 h4 23. Bxe5 Re6 24. Rfe1 Nxe5 25. Nf6+ Rxf6 26. dxe5 Rb6 27. Rd2 f5 28. exf6 Rxf6 29. Rf1 a5 30. g3 hxg3 31. fxg3 Rxf1+ 32. Kxf1 Rf8+ 33. Ke2 a4 34. d4 Re8+ 35. Kf3 Kg7 36. Re2 Rf8+ 37. Kg4 Kg6 38. Re6+ Kf7 39. h4 1-0

[Event "CZE-ch Youth G10-G12-G14 2022"]
[Site "Luhacovice"]
[Date "2022.03.15"]
[Round "5.5"]
[White "Koutna Simona"]
[Black "Lickova, Anna"]
[Result "0-1"]
[ECO "C54"]
[WhiteElo "1000"]
[BlackElo "1016"]
[Annotator "NA"]
[PlyCount "32"]
[EventDate "2022.03.12"]
[EventType "swiss"]
[EventCountry "CZE"]
[SourceTitle "playchess.com"]
[Source "ChessBase"]
[SourceQuality "1"]
[TimeControl "40/5400+30:1800+30"]

1. e4 e5 2. Nf3 Nc6 3. Bc4 Bc5 4. c3 Nf6 5. d3 d6 6. b4 Bb6 7. O-O Be6 8. Nbd2 Qd7 9. Bxe6 Qxe6 10. Nb3 h6 11. d4 Qd7 12. Re1 g5 13. Qc2 g4 14. dxe5 gxf3 15. exf6 Qg4 16. h3 Qxg2# 0-1

[Event "CZE-ch Youth G10-G12-G14 2022"]
[Site "Luhacovice"]
[Date "2022.03.15"]
[Round "5.6"]
[White "Mazurkova Viktorie"]
[Black "Vanickova Natalie"]
[Result "0-1"]
[ECO "A00"]
[WhiteElo "1000"]
[BlackElo "1000"]
[Annotator "NA"]
[PlyCount "86"]
[EventDate "2022.03.12"]
[EventType "swiss"]
[EventCountry "CZE"]
[SourceTitle "playchess.com"]
[Source "ChessBase"]
[SourceQuality "1"]
[TimeControl "40/5400+30:1800+30"]

1. e4 d5 2. Nc3 d4 3. Nd5 e6 4. Nf4 e5 5. Nfh3 Nf6 6. d3 Bd6 7. Bd2 O-O 8. Qe2 c5 9. O-O-O Be6 10. Kb1 Qb6 11. Qe1 Qa6 12. b3 Nc6 13. Kb2 Nb4 14. a4 b5 15. Ra1 Bd7 16. c3 Nc6 17. axb5 Qxb5 18. g3 Be6 19. Ra3 a5 20. Bg5 a4 21. Qd1 dxc3+ 22. Kxc3 Qb4+ 23. Kb2 axb3 24. Rxb3 Bxb3 25. Qxb3 Qxb3+ 26. Kxb3 Nd4+ 27. Kc4 Ra4+ 28. Kc3 Nb5+ 29. Kb3 Ra3+ 30. Kc4 Nc7 31. Bc1 Ra1 32. Ne2 Ra4+ 33. Kb3 Rb4+ 34. Kc3 Nb5+ 35. Kc2 Ra8 36. Bd2 Ra2+ 37. Kd1 Rb1+ 38. Bc1 Raa1 39. f4 Ng4 40. Kd2 Ra2+ 41. Ke1 c4 42. dxc4 Bb4+ 43. Kd1 Ne3# 0-1

[Event "CZE-ch Youth G10-G12-G14 2022"]
[Site "Luhacovice"]
[Date "2022.03.15"]
[Round "5.7"]
[White "Silhankova Simona"]
[Black "Ramseier, Jana S."]
[Result "1-0"]
[ECO "C50"]
[WhiteElo "1000"]
[BlackElo "2090"]
[Annotator "ChessBase"]
[PlyCount "26"]
[EventDate "2022.03.12"]
[EventType "swiss"]
[EventCountry "CZE"]
[SourceTitle "playchess.com"]
[Source "ChessBase"]
[SourceQuality "1"]
[TimeControl "40/5400+30:1800+30"]

1. e4 e5 2. Nf3 Nc6 3. Bc4 Bc5 4. O-O Nf6 5. d3 d6 6. Nc3 Nd4 7. Bg5 O-O 8. Nd5 c6 9. Nxf6+ gxf6 10. Bh6 Re8 11. Nxd4 Bxd4 12. Qh5 f5 13. Qxf7+ Kh8 1-0

[Event "CZE-ch Youth G10-G12-G14 2022"]
[Site "Luhacovice"]
[Date "2022.03.15"]
[Round "5.8"]
[White "Tarielasvili Kira"]
[Black "Zadrapova Gabriela"]
[Result "1-0"]
[ECO "C50"]
[WhiteElo "1000"]
[BlackElo "1000"]
[Annotator "NA"]
[PlyCount "32"]
[EventDate "2022.03.12"]
[EventType "swiss"]
[EventCountry "CZE"]
[SourceTitle "playchess.com"]
[Source "ChessBase"]
[SourceQuality "1"]
[TimeControl "40/5400+30:1800+30"]

1. e4 e5 2. Nf3 Nc6 3. Bb5 Nf6 4. Nc3 Bc5 5. O-O O-O 6. d3 a6 7. Bc4 d6 8. Bg5 Be6 9. Be3 Bxe3 10. fxe3 Bxc4 11. dxc4 Ng4 12. Nd5 Qg5 13. Nxg5 h6 14. Qxg4 Nd8 15. Ne7+ Kh8 16. Qf5 g6 1-0

[Event "CZE-ch Youth G10-G12-G14 2022"]
[Site "Luhacovice"]
[Date "2022.03.15"]
[Round "5.9"]
[White "Jenikova Sabina"]
[Black "Martikanova Amalie"]
[Result "1-0"]
[ECO "D00"]
[WhiteElo "1076"]
[BlackElo "1245"]
[Annotator "NA"]
[PlyCount "38"]
[EventDate "2022.03.12"]
[EventType "swiss"]
[EventCountry "CZE"]
[SourceTitle "playchess.com"]
[Source "ChessBase"]
[SourceQuality "1"]
[TimeControl "40/5400+30:1800+30"]

1. d4 d5 2. Nc3 Nf6 3. Bf4 Nc6 4. e3 Bf5 5. Nf3 e6 6. Bd3 Bd6 7. Bxf5 exf5 8. O-O O-O 9. Re1 Re8 10. Qd3 Qd7 11. Bxd6 Qxd6 12. Qxf5 Ne4 13. Nxe4 dxe4 14. Ng5 Qg6 15. Qxg6 fxg6 16. Rf1 Ne7 17. c3 c5 18. Rfd1 cxd4 19. Rxd4 h5 1-0

[Event "CZE-ch Youth G10-G12-G14 2022"]
[Site "Luhacovice"]
[Date "2022.03.15"]
[Round "5.10"]
[White "Kubalova Nikol"]
[Black "Rudova Jana"]
[Result "0-1"]
[ECO "D02"]
[WhiteElo "1000"]
[BlackElo "1000"]
[Annotator "NA"]
[PlyCount "96"]
[EventDate "2022.03.12"]
[EventType "swiss"]
[EventCountry "CZE"]
[SourceTitle "playchess.com"]
[Source "ChessBase"]
[SourceQuality "1"]
[TimeControl "40/5400+30:1800+30"]

1. d4 d5 2. Bf4 Nf6 3. Nf3 c6 4. e3 Bf5 5. Bd3 Bxd3 6. Qxd3 e6 7. Nbd2 Bd6 8. Bg3 Qe7 9. O-O O-O 10. Bxd6 Qxd6 11. Ng5 h6 12. Ngf3 Nbd7 13. g3 c5 14. Nh4 c4 15. Qc3 Rac8 16. Ndf3 Ne4 17. Qa3 Qxa3 18. bxa3 g5 19. Ng2 g4 20. Ne5 Nxe5 21. dxe5 Nd2 22. Rfd1 Nf3+ 23. Kf1 Nxe5 24. Rab1 b6 25. Rd4 h5 26. Rbd1 Nf3 27. Rf4 Nxh2+ 28. Ke1 Nf3+ 29. Kf1 Kg7 30. Nh4 Nxh4 31. gxh4 Rc5 32. Rdd4 e5 33. Rf5 exd4 34. exd4 Ra5 35. Rxh5 Rxa3 36. Rg5+ Kf6 37. Rxg4 Rxa2 38. h5 Rh8 39. Rh4 Rxc2 40. h6 a5 41. h7 a4 42. Kg2 a3 43. Rh6+ Ke7 44. Rh1 a2 45. Rg1 b5 46. Re1+ Kf8 47. Rh1 Rd2 48. Rh6 Rg8+ 0-1

[Event "CZE-ch Youth G10-G12-G14 2022"]
[Site "Luhacovice"]
[Date "2022.03.15"]
[Round "5.11"]
[White "Topencikova Ellen"]
[Black "Vlckova Linda"]
[Result "0-1"]
[ECO "C31"]
[WhiteElo "1000"]
[BlackElo "1000"]
[Annotator "NA"]
[PlyCount "56"]
[EventDate "2022.03.12"]
[EventType "swiss"]
[EventCountry "CZE"]
[SourceTitle "playchess.com"]
[Source "ChessBase"]
[SourceQuality "1"]
[TimeControl "40/5400+30:1800+30"]

1. e4 e5 2. f4 d5 3. Nf3 dxe4 4. Nxe5 Nf6 5. Bc4 Be6 6. Bxe6 fxe6 7. O-O Bc5+ 8. d4 Bxd4+ 9. Kh1 O-O 10. Nc3 e3 11. Ng4 Nxg4 12. Qxg4 Nd7 13. Qxe6+ Rf7 14. Bxe3 Nc5 15. Qh3 Bxe3 16. Qxe3 Re7 17. Qxc5 Rf7 18. Nd5 Rc8 19. Rfe1 h6 20. Ne7+ Kh8 21. Nxc8 Rxf4 22. Qe5 Rf8 23. Qe6 Rf2 24. Rad1 Qg5 25. Qe8+ Kh7 26. g3 Qf5 27. Ne7 Qf3+ 28. Kg1 Qg2# 0-1

[Event "CZE-ch Youth G10-G12-G14 2022"]
[Site "Luhacovice"]
[Date "2022.03.15"]
[Round "5.12"]
[White "Kozusnikova, Daniela"]
[Black "Slivova, Linda"]
[Result "1-0"]
[ECO "D01"]
[WhiteElo "1364"]
[BlackElo "1298"]
[Annotator "NA"]
[PlyCount "107"]
[EventDate "2022.03.12"]
[EventType "swiss"]
[EventCountry "CZE"]
[SourceTitle "playchess.com"]
[Source "ChessBase"]
[SourceQuality "1"]
[TimeControl "40/5400+30:1800+30"]

1. d4 d5 2. Nc3 Nf6 3. Bg5 e6 4. Nf3 Nbd7 5. e3 Be7 6. h3 O-O 7. Bd3 c5 8. O-O a6 9. a4 Qb6 10. Qd2 c4 11. Be2 Bb4 12. Qc1 Bxc3 13. bxc3 Ne4 14. Qa3 Qc6 15. a5 b5 16. axb6 Nxb6 17. Ne5 Qd6 18. Qxd6 Nxd6 19. Be7 Ne4 20. Bxf8 Kxf8 21. Ra3 f6 22. Ng4 Bd7 23. f3 Nd6 24. Rb1 Nb5 25. Raa1 Nc8 26. Kf1 Ncd6 27. Kf2 Ke7 28. Bf1 Nxc3 29. Rb2 Ndb5 30. Ke1 a5 31. Nf2 a4 32. Nd1 Kd6 33. Nxc3 Nxc3 34. Kd2 Nb5 35. Rba2 a3 36. e4 Ra4 37. c3 Bc6 38. exd5 exd5 39. Rb1 Be8 40. Be2 Kc6 41. Bd1 Ra7 42. Bc2 h6 43. f4 Bf7 44. f5 h5 45. g4 Re7 46. Ba4 Rb7 47. Bxb5+ Rxb5 48. Rxb5 Kxb5 49. Rxa3 hxg4 50. hxg4 g6 51. Ra7 Be8 52. Re7 gxf5 53. Rxe8 fxg4 54. Rf8 1-0

[Event "CZE-ch Youth G10-G12-G14 2022"]
[Site "Luhacovice"]
[Date "2022.03.15"]
[Round "5.13"]
[White "Buchtova, Viktorie"]
[Black "Stehlikova, Vanessa"]
[Result "1-0"]
[ECO "C44"]
[WhiteElo "1464"]
[BlackElo "1039"]
[Annotator "NA"]
[PlyCount "47"]
[EventDate "2022.03.12"]
[EventType "swiss"]
[EventCountry "CZE"]
[SourceTitle "playchess.com"]
[Source "ChessBase"]
[SourceQuality "1"]
[TimeControl "40/5400+30:1800+30"]

1. e4 e5 2. Nf3 Nc6 3. d4 exd4 4. c3 dxc3 5. Nxc3 Nf6 6. e5 Ng8 7. Bc4 d5 8. Qxd5 Qxd5 9. Nxd5 Kd8 10. Bf4 Nge7 11. Ng5 Be6 12. Nxe6+ fxe6 13. Nxe7 Kxe7 14. O-O-O g6 15. Bg5+ Ke8 16. Bf6 Bh6+ 17. Kb1 Rf8 18. Bxe6 Nd8 19. Bd7+ Kf7 20. Bb5 c6 21. Bc4+ Ke8 22. g4 g5 23. h4 gxh4 24. Rxh4 1-0

[Event "CZE-ch Youth G10-G12-G14 2022"]
[Site "Luhacovice"]
[Date "2022.03.15"]
[Round "5.14"]
[White "Kammova, Katerina"]
[Black "Markina, Sofiia"]
[Result "1-0"]
[ECO "B50"]
[WhiteElo "1376"]
[BlackElo "1367"]
[Annotator "NA"]
[PlyCount "39"]
[EventDate "2022.03.12"]
[EventType "swiss"]
[EventCountry "CZE"]
[SourceTitle "playchess.com"]
[Source "ChessBase"]
[SourceQuality "1"]
[TimeControl "40/5400+30:1800+30"]

1. e4 c5 2. Nf3 d6 3. c3 Nc6 4. d4 cxd4 5. cxd4 e6 6. Nc3 Nf6 7. Be2 Be7 8. O-O O-O 9. Qc2 b6 10. Rd1 d5 11. e5 Nd7 12. Nxd5 Bb7 13. Nc3 Rc8 14. Bf4 Re8 15. Bg3 Nf8 16. a3 Ng6 17. d5 Nb8 18. dxe6 Bd5 19. exf7+ Kxf7 20. Qf5+ 1-0

[Event "CZE-ch Youth G10-G12-G14 2022"]
[Site "Luhacovice"]
[Date "2022.03.15"]
[Round "5.15"]
[White "Horkova, Tereza"]
[Black "Stara, Zuzana"]
[Result "1/2-1/2"]
[ECO "B22"]
[WhiteElo "1375"]
[BlackElo "1322"]
[Annotator "NA"]
[PlyCount "62"]
[EventDate "2022.03.12"]
[EventType "swiss"]
[EventCountry "CZE"]
[SourceTitle "playchess.com"]
[Source "ChessBase"]
[SourceQuality "1"]
[TimeControl "40/5400+30:1800+30"]

1. e4 c5 2. c3 Nf6 3. e5 Nd5 4. d4 cxd4 5. cxd4 e6 6. Nf3 Nc6 7. Bc4 Nb6 8. Bb3 d5 9. exd6 Bxd6 10. O-O O-O 11. Nc3 Ne7 12. Re1 Nf5 13. Qd3 Bd7 14. Bc2 Bc6 15. Ne4 Nd5 16. a3 Bf4 17. Bxf4 Nxf4 18. Qd2 Ng6 19. Rac1 Rc8 20. Qb4 Qb6 21. Qxb6 axb6 22. Ned2 Nfh4 23. Nxh4 Nxh4 24. Be4 Rfd8 25. Bxc6 bxc6 26. Nb3 Nf5 27. Red1 Rd6 28. Rd2 Rcd8 29. Rcd1 h6 30. g3 Kf8 31. Kg2 Ne7 1/2-1/2

[Event "CZE-ch Youth G10-G12-G14 2022"]
[Site "Luhacovice"]
[Date "2022.03.15"]
[Round "5.16"]
[White "Kubatova Ema"]
[Black "Barteckova, Nikol"]
[Result "1/2-1/2"]
[ECO "B07"]
[WhiteElo "1183"]
[BlackElo "1140"]
[Annotator "NA"]
[PlyCount "172"]
[EventDate "2022.03.12"]
[EventType "swiss"]
[EventCountry "CZE"]
[SourceTitle "playchess.com"]
[Source "ChessBase"]
[SourceQuality "1"]
[TimeControl "40/5400+30:1800+30"]

1. e4 c5 2. c3 d6 3. d4 Nf6 4. Bd3 g6 5. Nf3 Bg7 6. O-O O-O 7. Be3 Nbd7 8. Nbd2 Qc7 9. Rc1 Ng4 10. Bf4 Qd8 11. h3 Ngf6 12. Re1 Nb6 13. Nc4 Bd7 14. Qd2 Rc8 15. Qe2 Nxc4 16. Bxc4 Bc6 17. Bd3 Re8 18. Qd2 a6 19. Bc2 Nh5 20. Be3 b6 21. Rcd1 Qc7 22. Bd3 Bb7 23. b3 Nf6 24. Bf4 Nh5 25. Be3 Rcd8 26. Qc2 Qb8 27. Qb1 Qc7 28. Qc2 Rc8 29. Rc1 Qd7 30. Qd1 Red8 31. Qe2 b5 32. Red1 Qe8 33. a3 Nf6 34. Bf4 Qc6 35. Re1 Qb6 36. Qb2 a5 37. Bb1 Ba6 38. e5 Nd5 39. Bg3 Re8 40. exd6 exd6 41. Qd2 Qc6 42. Be4 f5 43. Bxd5+ Qxd5 44. Rxe8+ Rxe8 45. dxc5 Qxd2 46. Nxd2 dxc5 47. Nf3 h6 48. Bf4 g5 49. Be3 Rc8 50. Nh2 Bb7 51. c4 b4 52. a4 Kf7 53. Kf1 Ke6 54. f3 Bc3 55. Ke2 Kd6 56. Bd2 Re8+ 57. Kd3 Bd4 58. Nf1 f4 59. Re1 Rxe1 60. Bxe1 h5 61. Nh2 Ke5 62. Bd2 Bc8 63. Ke2 Bf5 64. Kd1 Be3 65. Be1 Bd3 66. g3 Bg1 67. Ng4+ hxg4 68. hxg4 Bh2 69. gxf4+ Bxf4 70. Bf2 Kd6 71. Bg1 Kc6 72. Bf2 Kd6 73. Bg1 Be5 74. Bf2 Bd4 75. Bg3+ Ke6 76. Bh2 Be5 77. Bg1 Kd6 78. Bf2 Bf4 79. Bg1 Bg3 80. Be3 Bf4 81. Bg1 Bb1 82. Bf2 Bh7 83. Bg1 Bd3 84. Bf2 Be5 85. Bg1 Bd4 86. Bh2+ Ke6 1/2-1/2

[Event "CZE-ch Youth G10-G12-G14 2022"]
[Site "Luhacovice"]
[Date "2022.03.15"]
[Round "5.17"]
[White "Hladka, Leontyna"]
[Black "Vaclavkova Klara"]
[Result "1-0"]
[ECO "C65"]
[WhiteElo "1134"]
[BlackElo "1000"]
[Annotator "NA"]
[PlyCount "61"]
[EventDate "2022.03.12"]
[EventType "swiss"]
[EventCountry "CZE"]
[SourceTitle "playchess.com"]
[Source "ChessBase"]
[SourceQuality "1"]
[TimeControl "40/5400+30:1800+30"]

1. e4 e5 2. Nf3 Nc6 3. Bb5 Nf6 4. d3 Bc5 5. O-O d6 6. c3 O-O 7. Bg5 Bg4 8. Nbd2 h6 9. Bh4 Ne7 10. Bxf6 gxf6 11. Nb3 f5 12. h3 Bh5 13. exf5 Nxf5 14. g4 Ng3 15. Re1 Bb6 16. Kg2 Kh8 17. Kxg3 Rg8 18. Qd2 Qf6 19. d4 Qg6 20. Qd3 f5 21. dxe5 Bxg4 22. Kh2 Qh5 23. Nfd4 f4 24. Rg1 Rg5 25. Rg2 Rag8 26. Rag1 f3 27. Rg3 Bf5 28. Qf1 dxe5 29. Nxf5 c6 30. Bc4 R8g6 31. Bf7 1-0